 Dungeon Crawl Stone Soup version 0.26.0-10-g1f06aea511 (webtiles) character file.

Game seed: 14585364870143310089

535 Borgoz the Slasher (level 7, -12/58 HPs)
             Began as a Ghoul Gladiator on Jan 15, 2021.
             Blown up by Pikel (14 damage)
             ... with a disintegration bolt
             ... on level 4 of the Dungeon.
             The game lasted 00:04:28 (3845 turns).

Borgoz the Slasher (Ghoul Gladiator)                Turns: 3845, Time: 00:04:29

Health: -12/58     AC:  7    Str: 18    XL:     7   Next: 25%
Magic:  6/6        EV: 12    Int:  3    God:
Gold:   198        SH:  0    Dex: 12    Spells: 6/6 levels left

rFire    . . .     SeeInvis +   a - +0 long sword
rCold    + . .     Faith    .   (no shield)
rNeg     + + +     Spirit   .   e - +0 ring mail
rPois    ∞         Reflect  .   k - +1 helmet
rElec    .         Harm     .   (no cloak)
rCorr    .         Rampage  .   (no gloves)
Will     .....                  (no boots)
Stlth    +.........             (no amulet)
HPRegen  0.00/turn              p - ring of see invisible
MPRegen  0.10/turn              (no ring)

@: no status effects
A: claws 1, cold resistance 1, negative energy resistance 3, inhibited
regeneration, torment resistance, unbreathing
a: no special abilities


You were on level 4 of the Dungeon.
You visited 1 branch of the dungeon, and saw 4 of its levels.

You collected 198 gold pieces.

Inventory:

Hand Weapons
 a - a +0 long sword (weapon)
Armour
 e - a +0 ring mail (worn)
 k - a +1 helmet (worn)
Jewellery
 p - a ring of see invisible (left claw)
Scrolls
 h - 2 scrolls of fear {unknown}
 i - 5 scrolls of remove curse
 m - 2 scrolls of identify {unknown}
 n - 3 scrolls of immolation {unknown}
 o - a scroll of enchant weapon {unknown}
 q - a scroll of teleportation {unknown}
 r - a scroll of noise {unknown}
Potions
 b - 2 potions of heal wounds {unknown}
 c - 2 potions of magic {unknown}
 f - a potion of haste {unknown}
 g - a potion of curing
 j - 3 potions of degeneration {unknown}
 l - a potion of attraction {unknown}
 s - a potion of berserk rage {unknown}
 t - a potion of flight {unknown}


   Skills:
 + Level 3.9 Fighting
 * Level 4.8 Long Blades
 - Level 1.7 Throwing
 * Level 3.6 Armour
 + Level 3.8 Dodging


You had 6 spell levels left.
You didn't know any spells.
Your spell library was empty.

Dungeon Overview and Level Annotations

Branches:
Dungeon (4/15)
 Temple: D:4-7

Altars:

Annotations:
D:4 Pikel


Innate Abilities, Weirdness & Mutations

You thrive by killing the living.
You are immune to poison.
You have sharp fingernails.
Your flesh is cold resistant. (rC+)
You are immune to negative energy. (rN+++)
You do not regenerate when monsters are visible.
You are immune to unholy pain and torment.
You can survive without breathing.


Message History

Pikel cracks his whip.
Pikel struggles against the net.
The lemure closely misses you.
You catch the helpless Pikel completely off-guard!
You hit Pikel but do no damage.
Pikel is moderately wounded.
Pikel struggles against the net.
The lemure barely misses you.
You riposte.
You hit the lemure.
The lemure is lightly wounded.
You hit Pikel but do no damage.
Pikel is moderately wounded.
The lemure misses you.
Pikel zaps a wand.
You are blasted!
* * * LOW HITPOINT WARNING * * *
Pikel struggles against the net.
You hit Pikel.
Pikel is heavily wounded.
The lemure completely misses you.
You hit Pikel but do no damage.
Pikel is heavily wounded.
Pikel zaps a wand.
You are blasted!
You die...

...# #..........#........#
...######.######.#........#
...'......# #.##########
...######## #.# #### #.# #
#.# # #.# # #.# # #@# #
.....5K5# # ......55# #
........# # ........# #
......... # ###...... #
#....(. #


You could see Pikel (caught) and 4 lemures.

Vanquished Creatures
  Eustachio (D:4)
  An ogre (D:4)
  Jessica (D:2)
  Robin (D:2)
  11 gnolls
  11 adders
  A worm (D:2)
  A dart slug (D:2)
  4 leopard geckos
  An orc (D:4)
  A giant cockroach (D:2)
  7 goblins
  9 hobgoblins
  2 quokkas
  10 bats
  A frilled lizard (D:1)
  7 kobolds
  4 rats
74 creatures vanquished.

Notes
Turn   | Place    | Note
-------+----------+-------------------------------------------
     0 | D:1      | Borgoz the Ghoul Gladiator began the quest for the Orb.
     0 | D:1      | Reached XP level 1. HP: 17/17 MP: 0/0
   236 | D:1      | Reached XP level 2. HP: 24/24 MP: 1/1
   286 | D:1      | Reached skill level 3 in Long Blades
   324 | D:1      | Reached skill level 1 in Armour
   380 | D:1      | You fall into a shaft and drop 1 floor!
   380 | D:2      | Noticed Jessica
   384 | D:2      | Killed Jessica
   385 | D:2      | Reached XP level 3. HP: 26/30 MP: 2/2
   771 | D:2      | Reached XP level 4. HP: 35/37 MP: 3/3
  1001 | D:2      | Noticed Robin
  1267 | D:2      | Killed Robin
  1268 | D:2      | Reached XP level 5. HP: 39/45 MP: 4/4
  2320 | D:3      | Reached skill level 4 in Long Blades
  2745 | D:3      | Reached XP level 6. HP: 37/51 MP: 5/5
  3493 | D:4      | Noticed Eustachio
  3514 | D:4      | Killed Eustachio
  3515 | D:4      | Reached XP level 7. HP: 45/58 MP: 6/6
  3830 | D:4      | Noticed Pikel
  3843 | D:4      | HP: 2/58 [disintegration (22)]
  3845 | D:4      | Blown up by Pikel

Illustrated notes

Levels and vault maps discovered:
D:1:      saegor_arrival_simple_a, layout_basic, minivault_25
D:2:      layout_loops_ring, uniq_jessica, uniq_robin
D:3:      layout_rooms, nicolae_overflow_hidden_temple,
          kennysheep_generic_room_12
D:4:      layout_basic, minitemple, uniq_duvessa, uniq_eustachio, uniq_pikel

Skill      XL: |  1  2  3  4  5  6 |
---------------+-------------------+-----
Long Blades    | 3 4 |  4.8
Armour         | 1 2 3 |  3.6
Dodging        | 3 |  3.8
Fighting       | 3 |  3.9
Throwing       | |  1.7

Action                   |  1- 3 |  4- 6 |  7- 9 || total
-------------------------+-------+-------+-------++-------
Melee: Long sword        |    70 |   226 |    30 ||   326
Throw: Throwing net      |       |     1 |     3 ||     4
  Use: Scroll            |       |     1 |       ||     1
       Potion            |       |       |     1 ||     1
 Stab: Held in net/web   |       |     1 |     2 ||     3
Armor: Ring mail         |    42 |   116 |     3 ||   161
Dodge: Dodged            |    75 |   231 |    24 ||   330
       Rpst.: Long sword |    22 |    67 |    10 ||    99
